 Dungeon Crawl Stone Soup version 0.30-b1-2-g02819fbbbe (webtiles) character file.

Game seed: 6794162268926366851

13 Alarkh the Sneak (level 2, 24/24 HPs)
             Began as a Demonspawn Delver on May 22, 2023.
             Got out of the dungeon alive.
             The game lasted 00:01:35 (461 turns).

Alarkh the Sneak (Demonspawn Delver)                 Turns: 461, Time: 00:01:36

Health: 24/24      AC:  3    Str: 12    XL:     2   Next: 24%
Magic:  2/2        EV: 11    Int: 11    God:
Gold:   53         SH:  0    Dex: 14    Spells: 1/1 levels left

rFire   . .          .
                       - Unarmed
rCold   . . .        (no shield)
rNeg    . . .        a - +0 leather armour
rPois   .            (no helmet)
rElec   .            (no cloak)
rCorr   .            (no gloves)
SInv    .            (no boots)
Will    .....        (no amulet)
Stlth   ++           (no ring)
HPRegen 0.24/turn    (no ring)
MPRegen 0.08/turn

%: no passive effects
@: no status effects
A: demonic touch 1
a: no special abilities


You escaped.
You visited 1 branch of the dungeon, and saw 5 of its levels.

You collected 53 gold pieces.

Inventory:

Armour
 a - a +0 leather armour (worn)
Wands
 f - a wand of digging (3)
Scrolls
 b - a scroll of fog
 c - a scroll of magic mapping
 d - a scroll of fear
 g - a scroll of teleportation {unknown}
 i - a scroll of enchant armour {unknown}
Potions
 e - a potion of haste
 h - a potion of mutation {unknown}
 j - a potion of lignification {unknown}


   Skills:
 - Level 3.0 Fighting
 - Level 1.7 Dodging
 - Level 4.5 Stealth
 + Level 2.7 Unarmed Combat


You had one spell level left.
You didn't know any spells.
Your spell library contained the following spells:

 Spells                   Type           Power      Damage    Failure   Level
 Sandblast                Erth           0%         2d4       41%         1
 Passwall                 Tmut/Erth      0%         N/A       56%         2
 Stone Arrow              Conj/Erth      0%         3d7       80%         3


Dungeon Overview and Level Annotations

Branches:
Dungeon (5/15)
 Temple: D:4-7

Altars:
Hepliaklqana


Innate Abilities, Weirdness & Mutations

Your touch may inflict minor irresistible damage on your foes.


Message History

The quokka is moderately wounded.
The quokka bites you.
The quokka bites you but does no damage.
You barely miss the quokka.
You touch the quokka.
You kill the quokka!
No target in view!
No target in view!
No target in view!
No target in view!
A ball python comes into view.
An endoplasm comes into view.
You hit the ball python but do no damage.
You touch the ball python.
You kill the ball python!
You hit the endoplasm but do no damage. The endoplasm freezes you.
You are frozen.
You hit the endoplasm but do no damage. The endoplasm freezes you.
You are frozen.
You hit the endoplasm.
You kill the endoplasm!
No target in view!
No target in view!
No target in view!
No target in view!
No target in view!
You see here a ball python corpse.
h - a fizzy sapphire potion
Found a stone staircase leading down.
Found 6 stones.
Found 4 poisoned darts.
Found a staircase leading out of the dungeon.
j - a sedimented black potion
Found three human skeletons.
Found two human skeletons.
Found a human skeleton.
There is a staircase leading out of the dungeon here.
Are you sure you want to leave the Dungeon?
This will make you lose the game!
You have escaped!

....÷÷..#.# #.# #
#..÷.....÷..#.# ...###
#.8..8.8..8.#.# #...##
#...........#.####..(##
#...........#....#...##
#...........#....#...##
#...........#....#...##
.#......$....#.##.....##
.......@.............###
.#........(..######...##
#...........#..........
#...........#######.>##
#...........# ##.#
#...........# #.#
#.8..8.8..8.# #+#
#.......÷÷..#


There were no monsters in sight!

Vanquished Creatures
  An endoplasm (D:1)
  A giant cockroach (D:4)
  A goblin (D:4)
  A kobold (D:4)
  3 quokkas
  3 ball pythons
10 creatures vanquished.

Notes
Turn   | Place    | Note
-------+----------+-------------------------------------------
     0 | D:5      | Alarkh the Demonspawn Delver began the quest for the Orb.
     0 | D:5      | Reached XP level 1. HP: 18/18 MP: 1/1
   122 | D:4      | Noticed an orc wizard
   146 | D:4      | Found a hazy altar of Hepliaklqana.
   304 | D:1      | Gained mutation: Your touch may inflict minor irresistible
                  | damage on your foes. [demonic ancestry]
   304 | D:1      | Reached XP level 2. HP: 21/24 MP: 2/2
   461 | D:$      | Got out of the dungeon alive.

Illustrated notes

Levels and vault maps discovered:
D:1:      giann_forest_graveyard, layout_basic,
          shapermc_ecumenical_altar_hornbeckon
D:2:      layout_loops_cross, st_stairs_8, uniq_natasha
D:3:      layout_loops_ring, serial_shops, shop, shop,
          minmay_fractal_squares_diagonal_5
D:4:      layout_loops_ring, nicolae_overflow_hidden_temple,
          minmay_misc_feat_chi
D:5:      minmay_angry_zag, layout_basic, xom_redecorated,
          mainiacjoe_overflow_surrounded_room, vehumet_altar_wand_db,
          serial_curves, eino_curves_01, eino_curves_02, eino_curves_02,
          eino_curves_02, minmay_misc_feat_doors, minmay_misc_feat_tiny,
          uniq_edmund

Skill      XL: |  1 |
---------------+----+-----
Unarmed Combat | 2 |  2.7
Fighting       | |  3.0
Dodging        | |  1.7
Stealth        | |  4.5

Action                     || total
---------------------------++-------
  Melee: Unarmed           ||    39
         Touch             ||     2
    Use: Scroll            ||     1
         Potion            ||     1
   Stab: Sleeping          ||     4
 Armour: Leather armour    ||     8
  Dodge: Dodged            ||    20
